AoeStats
← iAlejandrouae

Arena

507207175Analyzed
4v4 RM · 15d ago on Sep 17, 2026· 14m 18s· 8 players
Game mode
Random Map
Map size
Large (8 player)
Population
200
Speed
Normal
Resources
Standard
Victory
Conquest
Starting age
Dark Age
Ending age
Imperial Age
RankedLock teamsTeams togetherTeam positionsShared explorationLock speedFull tech treeHidden civsTurbo modeCheats
Victory
Defeat
🇦🇷 Khmer · Argentina
1600
+15
🇲🇽 Hindustanis · Mexico
1558
+17
🇨🇱 Turks · Chile
1557
+17
🇨🇱 Aztecs · Chile
1517
+19
🇻🇳 Romans · Vietnam
1623
-19
🇦🇷 Persians · Argentina
1580
-17
🇳🇿 Muisca · New Zealand
1560
-16
🇨🇳 Lithuanians · China
1546
-16
昙花生
9:48 Feudal Age
11:30 Loom
14:23 Castle Age
13:03 Double-Bit Axe
13:34 Horse Collar
iAlejandrouae
8:17 Feudal Age
7:48 Loom
10:10 Fletching
mmmbokchoi
10:29 Feudal Age
14:52 Castle Age
13:05 Double-Bit Axe
Đà Lạt
10:55 Feudal Age
14:53 Castle Age
13:00 Double-Bit Axe
13:47 Horse Collar
AiM | Fubuki Sinri
9:55 Feudal Age
14:10 Castle Age
12:41 Double-Bit Axe
AiM | PoRRo
11:02 Feudal Age
15:19 Castle Age
13:37 Double-Bit Axe
AIM | Agua cate 98
12:05 Feudal Age
15:02 Castle Age
12:54 Horse Collar
13:07 Double-Bit Axe
14:20 Bloodlines
AiM | Shuffle
9:19 Loom
12:55 Feudal Age
Connection lost

Rejoining the realm…

Still unreachable

The connection could not be restored.

Session expired

The server has moved on; the page needs a fresh start.